 Dungeon Crawl Stone Soup version 0.29.0-4-gdea44cf6ec (webtiles) character file.

Game seed: 10101252667962216420

2832 Arcadio the Skirmisher (level 9, -1/50 HPs)
             Began as a Spriggan Hunter on Aug 27, 2022.
             Was a Follower of Fedhas.
             Engulfed by a steam dragon's steam (6 damage)
             ... on level 7 of the Dungeon.
             The game lasted 00:28:22 (6946 turns).

Arcadio the Skirmisher (Spriggan Hunter)            Turns: 6946, Time: 00:28:23

Health: -1/50      AC:  3    Str:  7    XL:     9   Next: 45%
Magic:  10/10      EV: 22    Int: 10    God:    Fedhas [*.....]
Gold:   331        SH:  0    Dex: 23    Spells: 8/8 levels left

rFire   . . .      SeeInvis +   b - +2 falchion (venom)
rCold   . . .      Faith    .   (no shield)
rNeg    . . .      Spirit   .   c - +0 robe
rPois   .          Reflect  .   (helmet restricted)
rElec   .          Harm     .   h - +0 cloak
rCorr   .          Rampage  .   (gloves unavailable)
Will    +....                   (boots unavailable)
Stlth   ++........              (no amulet)
HPRegen 0.16/turn               (no ring)
MPRegen 0.12/turn               (no ring)

@: very quick
A: very small, no large weapons, unfitting armour, see invisible, speed 3
a: Renounce Religion


You were on level 7 of the Dungeon.
You worshipped Fedhas.
Fedhas was aware of your devotion.
You visited 2 branches of the dungeon, and saw 8 of its levels.

You collected 331 gold pieces.

Inventory:

Hand Weapons
 a - a +0 shortbow of flaming
 b - a +2 falchion of venom (weapon)
 o - a +2 quarterstaff of chaos
 u - a +0 dagger
 w - the +5 rapier of Skirmishing {vorpal, Contam *Noise rC+ Dex+5}
   (You found it on level 4 of the Dungeon)

   It inflicts extra damage upon your enemies.
   Dex:       It affects your dexterity (+5).
   rC:        It protects you from cold.
   *Noise:    It may make noises in combat.
   Contam:    It causes magical contamination when unequipped.
 y - a +1 war axe of venom
 E - a +0 shortbow
 G - a +2 rapier of distortion
Missiles
 l - 15 poisoned darts
Armour
 c - a +0 robe (worn)
 h - a +0 cloak (worn)
Wands
 v - a wand of polymorph (5)
 A - a wand of roots (7)
 B - a wand of digging (7)
 D - a wand of charming (16)
Scrolls
 f - 3 scrolls of immolation
 g - 2 scrolls of vulnerability
 j - 3 scrolls of fear {unknown}
 k - a scroll of brand weapon
 m - 4 scrolls of teleportation
 q - a scroll of noise {unknown}
 s - 3 scrolls of enchant weapon {unknown}
 C - 2 scrolls of magic mapping {unknown}
Potions
 d - 2 potions of cancellation
 e - a potion of berserk rage
 i - 2 potions of lignification
 n - 3 potions of mutation
 p - 4 potions of curing
 r - 2 potions of heal wounds {unknown}
 t - 3 potions of attraction {unknown}
 x - a potion of resistance {unknown}
 z - 3 potions of degeneration {unknown}
 F - a potion of brilliance {unknown}


   Skills:
 + Level 7.6 Fighting
 + Level 9.8 Ranged Weapons
 + Level 5.7 Dodging
 - Level 1.5 Stealth


You had 8 spell levels left.
You didn't know any spells.
Your spell library contained the following spells:

 Spells                   Type           Power      Damage    Failure   Level
 Ensorcelled Hibernation  Hex/Ice        0%         N/A       50%         2
 Poisonous Vapours        Pois/Air       0%         N/A       50%         2
 Call Canine Familiar     Summ           0%         N/A       75%         3
 Portal Projectile        Hex/Tloc       0%         N/A       75%         3
 Spider Form              Tmut/Pois      0%         N/A       75%         3
 Tukima's Dance           Hex            0%         N/A       75%         3
 Anguish                  Hex/Necr       0%         N/A       98%         4
 Corpse Rot               Necr/Pois/Air  0%         N/A       98%         4
 Fulminant Prism          Conj/Hex       0%         3d6       98%         4
 Iskenderun's Mystic Bla  Conj/Tloc      0%         2d3       98%         4
 Leda's Liquefaction      Hex/Erth       0%         N/A       98%         4
 Blade Hands              Tmut           0%         N/A       100%        5
 Lee's Rapid Deconstruct  Erth           0%         3d5*      100%        5


Dungeon Overview and Level Annotations

Branches:
Dungeon (7/15) Zot: 26539  Temple (1/1) D:5 Zot: 5835

Altars:
Ashenzari
Cheibriados
Dithmenos
Fedhas
Gozag
Kikubaaqudgha
Makhleb
Nemelex Xobeh
Okawaru
Ru
Trog
Uskayaw
Vehumet
Wu Jian
Xom
Yredelemnul
Zin
The Shining One

Shops:
D:3 (=*


Innate Abilities, Weirdness & Mutations

You are very small and have problems with some larger weapons.
You are too small for most types of armour.
You have supernaturally acute eyesight. (SInv)
You cover ground extremely quickly. (Speed+++)


Message History

You kill the black bear!
Fedhas appreciates your contribution to the ecosystem.
Things that are here:
a +0 dagger; 2 stones
There is an open door here.
Things that are here:
a +0 halberd; a gnoll corpse You see here a +0 halberd.
You see here a black bear corpse.
Things that are here:
a +0 club; a gnoll corpse A steam dragon comes into view.
Found 3 stones.
Fire: a) +0 shortbow (flame)
Press: ? - help, Q - select action, (/) - cycle Shift-Dir - straight line, f - steam dragon
Aim: a steam dragon (asleep, 98% to hit)
You shoot an arrow. The arrow hits the steam dragon.
The arrow burns the steam dragon.
The steam dragon hisses angrily.
The steam dragon is moderately wounded.
Your +0 shortbow of flaming stops flaming.
Your +2 falchion of venom begins to drip with poison!
b - a +2 falchion of venom (weapon)
The steam dragon breathes steam at you. The ball of steam misses you.
You hit the steam dragon.
The steam dragon is moderately wounded.
The steam dragon breathes steam at you. The ball of steam hits you!
Unknown command.
You closely miss the steam dragon.
The steam dragon is moderately wounded.
You are engulfed in a cloud of scalding steam.
The steam dragon closely misses you. The steam dragon misses you.
The steam dragon breathes steam at you. The ball of steam hits you!
* * * LOW HITPOINT WARNING * * *
You are engulfed in a cloud of scalding steam.
You die...
Fedhas appreciates your contribution to the ecosystem.

#.........###.[....
#'# #>..).†. #.#
#.###### # #.# #.#
#. #.# #.#
#.#######.# #.#
#..§......# #.#
#(###§§...### #.#
#. #§@...# #.# #.
#§§...# #.# #.
#§....# #.# #.
#§....# #.# #.
#D...†# #.#
#§###.....######.#
#................#
#######.....######
#.....#


You could see a steam dragon (catching breath).

Vanquished Creatures
  Grinder (D:5)
  Prince Ribbit (D:4)
  Sigmund (D:3)
  A wyvern (D:6)
  3 water moccasins
  Duvessa (D:5)
  A black bear (D:7)
  A sky beast (D:7)
  2 ogres
  A centaur (D:6)
  A phantom (D:6)
  2 kobold brigands
  2 necrophages
  2 bullfrogs (D:7)
  A gnoll sergeant (D:6)
  Dowan (D:5)
  7 hounds
  A jelly (D:4)
  Crazy Yiuf (D:3)
  6 iguanas
  2 orc wizards (D:6)
  The ghost of AbrileMaio the Sneak, a weakling SpBr (D:4)
  Robin (D:4)
  7 gnolls
  5 adders
  A shadow imp (D:7)
  An ufetubus (D:5)
  A worm (D:3)
  A dart slug (D:1)
  14 orcs
  7 ball pythons
  6 bats
  9 endoplasms
  2 giant cockroaches
  13 goblins
  8 hobgoblins
  8 jackals
  17 kobolds
  7 quokkas
  4 frilled lizards
  5 rats
157 creatures vanquished.

Vanquished Creatures (others)
  A fungus (D:2)
1 creature vanquished.

Grand Total: 158 creatures vanquished

Notes
Turn   | Place    | Note
-------+----------+-------------------------------------------
     0 | D:1      | Arcadio the Spriggan Hunter began the quest for the Orb.
     0 | D:1      | Reached XP level 1. HP: 10/10 MP: 2/2
   272 | D:1      | Reached XP level 2. HP: 15/15 MP: 3/3
   794 | D:2      | Found a faded altar of an unknown god.
  1020 | D:2      | Reached XP level 3. HP: 18/18 MP: 4/4
  1772 | D:3      | Noticed an ogre
  1811 | D:3      | Killed an ogre
  1812 | D:3      | Reached skill level 5 in Ranged Weapons
  1812 | D:3      | Reached XP level 4. HP: 24/24 MP: 5/5
  1812 | D:3      | Reached XP level 5. HP: 28/28 MP: 6/6
  1819 | D:3      | Found a runed translucent door.
  1820 | D:3      | Noticed Crazy Yiuf
  1882 | D:3      | Found Tusif's Assorted Antiques.
  1889 | D:3      | Found Efareatom's Jewellery Emporium.
  2272 | D:3      | Noticed Sigmund
  2280 | D:3      | Killed Sigmund
  2281 | D:3      | Reached skill level 6 in Ranged Weapons
  2281 | D:3      | Reached XP level 6. HP: 33/33 MP: 7/7
  2333 | D:3      | Found Icuqeir's Weapon Emporium.
  2663 | D:3      | Killed Crazy Yiuf
  2786 | D:4      | Found a shadowy altar of Dithmenos.
  2815 | D:4      | Noticed Robin
  2827 | D:4      | Killed Robin
  2831 | D:4      | Reached XP level 7. HP: 34/38 MP: 8/8
  2882 | D:4      | Found a runed translucent gate.
  2883 | D:4      | Found a runed translucent gate.
  2883 | D:4      | Noticed AbrileMaio's ghost (weakling SpBr)
  2885 | D:4      | Found a runed translucent gate.
  2885 | D:4      | Identified the +5 rapier of Skirmishing {vorpal, Contam
                  | *Noise rC+ Dex+5}
  3154 | D:5      | Entered Level 5 of the Dungeon
  3420 | D:5      | Noticed Duvessa
  3420 | D:5      | Noticed Dowan
  3429 | D:5      | Noticed Prince Ribbit
  3504 | D:4      | Killed Prince Ribbit
  3505 | D:4      | Reached skill level 5 in Fighting
  3505 | D:4      | Reached skill level 7 in Ranged Weapons
  3822 | D:5      | Found a staircase to the Ecumenical Temple.
  3835 | Temple   | Entered the Ecumenical Temple
  3835 | Temple   | Found a transporter.
  3835 | Temple   | Found a transporter.
  3837 | Temple   | Found a transporter.
  3837 | Temple   | Found a transporter.
  3877 | Temple   | Became a worshipper of the Shining One
  4009 | D:5      | Killed Duvessa
  4010 | D:5      | Reached XP level 8. HP: 44/44 MP: 9/9
  4172 | D:5      | Killed Dowan
  4480 | D:4      | Killed AbrileMaio's ghost
  4846 | D:6      | Reached skill level 8 in Ranged Weapons
  5267 | D:6      | Found a sparkling altar of Nemelex Xobeh.
  5327 | D:6      | Found a blossoming altar of Fedhas.
  5367 | D:6      | Fell from the grace of the Shining One
  5367 | D:6      | Became a worshipper of Fedhas Madash
  5437 | D:6      | Reached skill level 9 in Ranged Weapons
  5992 | D:6      | Noticed Grinder
  5994 | D:6      | Paralysed by Grinder for 5 turns
  6030 | D:5      | Killed Grinder
  6031 | D:5      | Reached XP level 9. HP: 48/50 MP: 10/10
  6433 | D:7      | Reached skill level 5 in Dodging
  6663 | D:7      | Reached * piety under Fedhas
  6946 | D:7      | Engulfed by a steam dragon's steam

Illustrated notes

Levels and vault maps discovered:
D:1:      moated_graveyard_arrival, layout_loops_ring, minivault_27,
          serial_park_tiny_pond
D:2:      minmay_recursive_quarters, layout_basic,
          dreamdust_ecumenical_altar_hidden_monk_grotto
D:3:      layout_basic, serial_shops, shop, nicolae_shop_bloodbath_and_beyond,
          shop, uniq_sigmund, uniq_crazy_yiuf_cottage
D:4:      layout_rooms, nicolae_dithmenos_through_a_glass_darkly,
          gammafunk_ghost_nasty_kobolds, uniq_robin
D:5:      layout_basic, minmay_temple_entry_offerings, minivault_27,
          uniq_prince_ribbit1, uniq_duvessa
D:6:      layout_loops_ring, mainiacjoe_overflow_surrounded_room,
          nemelex_spade_bored_becter, uniq_grinder
D:7:      layout_basic
Temple:   hellmonk_temple_divided_pantheon

Skill      XL: |  1  2  3  4  5  6  7  8  9 |
---------------+----------------------------+-----
Dodging        | 3 4 5 |  5.7
Fighting       | 2 3 4 5 7 |  7.6
Ranged Weapons | 5 6 7 9 |  9.8
Stealth        | |  1.5

Action                   |  1- 3 |  4- 6 |  7- 9 || total
-------------------------+-------+-------+-------++-------
Melee: Rapier            |       |       |     3 ||     3
       Falchion          |       |       |     6 ||     6
 Fire: Shortbow          |   130 |    99 |   284 ||   513
  Use: Scroll            |     1 |     2 |     3 ||     6
Armor: Robe              |    10 |     1 |     3 ||    14
Dodge: Dodged            |    39 |    23 |    54 ||   116
